 Dungeon Crawl Stone Soup version 0.23.2-30-g0e89c35649 (webtiles) character file.

Game seed: 12515116445015133926

92868 Kairos the Severer (level 15, -18/144 HPs)
             Began as a Deep Dwarf Fighter on June 10, 2019.
             Was the Champion of Makhleb.
             Killed from afar by Roxanne (71 damage)
             ... with a crystal spear
             ... on level 4 of the Spider Nest.
             The game lasted 00:44:33 (16503 turns).

Kairos the Severer (Deep Dwarf Fighter)            Turns: 16503, Time: 00:44:34

Health: -18/144    AC: 24    Str: 27    XL:     15   Next: 59%
Magic:  14/14      EV: 12    Int:  8    God:    Makhleb [******]
Gold:   1221       SH: 14    Dex: 13    Spells: 9/14 levels left

rFire    + . .     SeeInvis +   T - +2 broad axe (vamp)
rCold    . . .     Gourm    +   c - +0 shield
rNeg     + + .     Faith    .   X - +2 chain mail {MR+}
rPois    +         Spirit   .   (helmet restricted)
rElec    .         Reflect  .   C - +2 ratskin cloak {+Rats rPois rN+ Str-1 Int-1 Dex+1}
rCorr    .         Harm     .   (no gloves)
MR       +++..                  J - +0 pair of boots
Stlth    ..........             i - amulet of the gourmand
HPRegen  0.00/turn              a - +5 ring of protection
MPRegen  0.14/turn              u - ring of see invisible

@: non-regenerating
A: damage resistance, heal wounds, antennae 1, fire resistance 1, negative
energy resistance 1, sense surroundings 2, strong 1, no regeneration
a: Heal Wounds, Minor Destruction, Lesser Servant of Makhleb, Major Destruction,
Greater Servant of Makhleb, Renounce Religion, Evoke Ratskin


You were on level 4 of the Spider Nest.
You worshipped Makhleb.
Makhleb was exalted by your worship.
You were not hungry.

You visited 3 branches of the dungeon, and saw 18 of its levels.

You collected 1221 gold pieces.

Inventory:

Hand Weapons
 v - a +2 hand axe of freezing
 N - a +0 broad axe of flaming
 T - a +2 vampiric broad axe (weapon)
Missiles
 H - 6 javelins (quivered)
Armour
 c - a +0 shield (worn)
 o - a scarf of repulsion
 C - the +2 ratskin cloak (worn) {+Rats rPois rN+ Str-1 Int-1 Dex+1}
   (You found it on level 6 of the Dungeon)

   It affects your strength (-1).
   It affects your intelligence (-1).
   It affects your dexterity (+1).
   It protects you from poison.
   It protects you from negative energy.
 J - a +0 pair of boots (worn)
 L - a +2 helmet
 X - a +2 chain mail of magic resistance (worn)
Jewellery
 a - a +5 ring of protection (left hand)
 i - an amulet of the gourmand (around neck)
 q - an uncursed ring of poison resistance
 u - a ring of see invisible (right hand)
 y - an uncursed ring of protection from magic
 G - an uncursed ring of flight
 P - an uncursed ring of fire
 S - an uncursed ring of magical power
 Z - a +4 ring of protection
Wands
 g - a wand of flame (25)
 w - a wand of enslavement (2)
 x - a wand of acid (7)
 E - a wand of digging (13)
 K - a wand of clouds (9)
Scrolls
 b - 2 scrolls of enchant armour
 e - 4 scrolls of immolation
 h - 2 scrolls of teleportation
 j - 12 scrolls of remove curse
 l - 2 scrolls of amnesia
 p - 7 scrolls of magic mapping
 F - 2 scrolls of holy word
 Q - a scroll of brand weapon
 R - a scroll of fog
 U - 2 scrolls of identify
 V - a scroll of silence
 Y - a scroll of blinking
Potions
 d - 3 potions of might
 k - 3 potions of heal wounds
 m - 8 potions of lignification
 n - 5 potions of brilliance
 r - 5 potions of curing
 s - 4 potions of agility
 t - 3 potions of cancellation
 z - 3 potions of mutation
 A - 2 potions of resistance
 B - a potion of berserk rage
 D - 2 potions of flight
 I - 3 potions of invisibility
 M - 4 potions of magic
 O - 3 potions of ambrosia
Miscellaneous
 W - a fan of gales
Comestibles
 f - 31 rations


   Skills:
 + Level 11.6 Fighting
 + Level 17.5 Axes
 + Level 0.1 Throwing
 + Level 13.0 Armour
 + Level 6.1 Dodging
 + Level 0.7 Stealth
 + Level 13.5 Shields
 * Level 8.7 Invocations
 + Level 3.2 Evocations


You had 9 spell levels left.
You knew the following spells:

 Your Spells              Type           Power        Failure   Level  Hunger
a - Aura of Abjuration    Summ           #.........   100%        5    ######.

Your spell library contained the following spells:

 Spells                   Type           Power        Failure   Level  Hunger
 Freeze                   Ice            #...         91%         1    ##.....
 Sting                    Conj/Pois      #...         91%         1    ##.....
 Poisonous Vapours        Pois/Air       #.....       97%         2    ###....
 Sublimation of Blood     Necr           #.........   97%         2    ###....
 Mephitic Cloud           Conj/Pois/Air  #.......     99%         3    ####...
 Recall                   Summ/Tloc      N/A          99%         3    ####...
 Ice Form                 Ice/Tmut       #.......     100%        4    #####..
 Olgreb's Toxic Radiance  Pois           #.......     100%        4    #####..
 Excruciating Wounds      Chrm/Necr      #.........   100%        5    ######.
 Metabolic Englaciation   Hex/Ice        #.........   100%        5    ######.
 Summon Demon             Summ           #.........   100%        5    ######.
 Summon Forest            Summ/Tloc      #.........   100%        5    ######.
 Summon Mana Viper        Hex/Summ       #.......     100%        5    ######.
 Venom Bolt               Conj/Pois      #.........   100%        5    ######.
 Bolt of Cold             Conj/Ice       #.........   100%        6    #######
 Freezing Cloud           Conj/Ice/Air   #.........   100%        6    #######
 Ozocubu's Refrigeration  Ice            #.........   100%        6    #######
 Shadow Creatures         Summ           N/A          100%        6    #######
 Simulacrum               Ice/Necr       #.........   100%        6    #######


Dungeon Overview and Level Annotations

Branches:
Dungeon (8/15)             Temple (0/1) D:7            Lair (6/6) D:8
  Swamp (0/4) Lair:3       Spider (4/4) Lair:3        Slime (0/5) Lair:5

Altars:
Ashenzari
Dithmenos
Fedhas
Makhleb
Okawaru
Qazlal
Ru
Sif Muna
Uskayaw
Vehumet
Wu Jian
Yredelemnul
Zin
The Shining One

Shops:
D:7 }

Annotations:
Lair:2 2 transporters, Terandir's ghost, journeyman MiFi
Lair:4 exclusion: 3 oklob plants
Lair:5 Nessos
Spider:1 2 runed translucent doors, endersaim's ghost, adept MfSk
Spider:4 exclusion: Roxanne, Roxanne


Innate Abilities, Weirdness & Mutations

You are resistant to damage.
You can heal yourself by infusing magical energy.
You resist negative energy. (rN+)
You passively map the area around you.
You do not regenerate.
You have a pair of small antennae on your head.
Your flesh is heat resistant. (rF+)
Your muscles are strong. (Str +2)


Message History

Roxanne mumbles some strange words.
You blink.
You hit Roxanne.
Roxanne is severely damaged.
You hit Roxanne.
Roxanne is severely damaged.
You hit Roxanne.
Roxanne is severely damaged.
Roxanne says, "Come nearer, honey, I don't have a heart of stone."
You hit Roxanne but do no damage.
Roxanne is severely damaged.
You slice Roxanne!!
Roxanne is almost destroyed.
Roxanne mumbles some strange words.
The crystal spear misses you.
You slash Roxanne!
Roxanne is almost destroyed.
Roxanne mumbles some strange words.
The crystal spear hits you!!!!
You die...

#....###...#..#..#....#.#....#...
###^## #.^...#...^#........#.....
### #.<..(......#....#...=....
##....^............#......
##....^.#^................
#^........#^.#...#....#...
#.....#.........#.......##
#....#^..................#
#^#......@8...#....#....##
##(.#.............#.^....#
##.........#......##.#...
##...........#...###.... *
#......#...#.^..## #####
.^.......^.......# *
..............##### *
##.........#### ####+++####


You could see Roxanne.

Vanquished Creatures
  Kirke (Spider:2)
  Donald (Spider:3)
  Agnes (Spider:3)
  A ghost moth (Spider:3)
  5 emperor scorpions
  2 entropy weavers
  5 hydras
  A catoblepas (Lair:6)
  A two-headed ogre (D:8)
  Erica (Lair:2)
  11 orb spiders
  24 wolf spiders
  4 moths of wrath
  4 black mambas
  10 elephants
  9 spiny frogs
  3 torpor snails
  A rime drake (Lair:4)
  14 demonic crawlers
  5 komodo dragons
  35 jumping spiders
  5 polar bears
  A queen bee (Spider:3)
  9 tyrant leeches (Spider:1)
  9 hornets
  3 meliai (Spider:2)
  4 blink frogs (Lair:1)
  3 dream sheep
  A slime creature (Lair:5)
  7 hippogriffs
  64 redbacks
  26 tarantellas
  13 spriggans (Lair:6)
  Eustachio (D:4)
  A hungry ghost (D:7)
  2 basilisks
  29 yaks
  3 hogs (Spider:2)
  A wyvern (D:8)
  6 swamp worms (Spider:1)
  10 water moccasins
  8 porcupines
  4 black bears
  2 ice beasts
  A phantom (D:5)
  4 necrophages (Lair:4)
  3 centaurs
  4 boggarts (Lair:6)
  17 wolves (Lair:6)
  3 ogres
  14 crocodiles
  A big kobold (D:8)
  4 bullfrogs
  4 earth elementals (Spider:2)
  A water moccasin zombie (D:8)
  2 scorpions (D:7)
  10 killer bees (Spider:3)
  8 wights (D:7)
  A howler monkey (D:8)
  4 crimson imps
  4 jellies
  A centaur skeleton (D:4)
  An orc priest (D:6)
  A bullfrog skeleton (D:4)
  2 hounds
  2 orc wizards (D:3)
  Jessica (D:2)
  3 iguanas
  3 worker ants
  3 hell rats (D:6)
  4 gnolls (D:2)
  8 adders
  2 howler monkey skeletons
  4 river rats (D:6)
  A shadow imp (D:5)
  An ooze (D:4)
  10 worms
  3 dart slugs
  10 leopard geckos
  21 orcs
  4 giant cockroaches
  12 goblins
  4 hobgoblins
  12 jackals
  8 kobolds
  4 quokkas
  3 ball pythons
  3 bats
  6 frilled lizards
  A goblin skeleton (D:5)
  2 goblin zombies (D:5)
  3 hobgoblin zombies (D:5)
  2 kobold zombies (D:5)
  A leopard gecko skeleton (D:8)
  3 orc skeletons (D:5)
  An orc zombie (D:5)
  A quokka zombie (D:5)
  28 rats
  5 fungi
  5 plants
625 creatures vanquished.

Vanquished Creatures (others)
  A redback (Spider:4)
  15 fungi
  12 plants
28 creatures vanquished.

Grand Total: 653 creatures vanquished

Notes
Turn   | Place    | Note
-------+----------+-------------------------------------------
     0 | D:1      | Kairos the Deep Dwarf Fighter began the quest for the Orb.
     0 | D:1      | Reached XP level 1. HP: 20/20 MP: 1/1
   100 | D:1      | Reached XP level 2. HP: 27/27 MP: 2/2
   390 | D:1      | Reached XP level 3. HP: 28/33 MP: 3/3
   616 | D:2      | Noticed Jessica
   619 | D:2      | Killed Jessica
   619 | D:2      | Reached skill level 3 in Axes
   639 | D:2      | Reached XP level 4. HP: 32/40 MP: 4/4
   701 | D:2      | Reached skill level 4 in Axes
   711 | D:2      | Reached skill level 1 in Dodging
   752 | D:2      | Found an iron altar of Okawaru.
   868 | D:2      | Reached XP level 5. HP: 41/49 MP: 4/4
  1406 | D:3      | Found a blossoming altar of Fedhas.
  1524 | D:3      | Reached XP level 6. HP: 41/56 MP: 4/4
  1599 | D:3      | Reached skill level 5 in Axes
  1672 | D:3      | Found a glowing golden altar of the Shining One.
  1841 | D:3      | Found a radiant altar of Vehumet.
  1841 | D:3      | Found a burning altar of Makhleb.
  1867 | D:3      | Became a worshipper of Makhleb the Destroyer
  2016 | D:4      | Found a shadowy altar of Dithmenos.
  2146 | D:4      | Noticed Eustachio
  2168 | D:4      | Killed Eustachio
  2168 | D:4      | Reached skill level 6 in Axes
  2187 | D:4      | Reached XP level 7. HP: 40/63 MP: 5/5
  2503 | D:4      | Reached skill level 7 in Axes
  2602 | D:5      | Entered Level 5 of the Dungeon
  2641 | D:5      | Found a sacrificial altar of Ru.
  2983 | D:5      | Reached * piety under Makhleb
  2993 | D:5      | Found a glowing golden altar of the Shining One.
  3101 | D:5      | Reached skill level 5 in Shields
  3101 | D:5      | Reached XP level 8. HP: 60/73 MP: 5/5
  3535 | D:6      | Reached skill level 8 in Axes
  3577 | D:5      | Reached skill level 5 in Armour
  3645 | D:6      | Noticed a hippogriff
  3661 | D:6      | Killed a hippogriff
  3848 | D:6      | Found the +2 ratskin cloak {+Rats rPois rN+ Str-1 Int-1
                  | Dex+1}
  3859 | D:6      | Reached ** piety under Makhleb
  3861 | D:6      | Reached skill level 9 in Axes
  4017 | D:6      | Found a basalt altar of Yredelemnul.
  4033 | D:6      | Found an ornate altar of the Wu Jian Council.
  4034 | D:6      | Found a stormy altar of Qazlal.
  4034 | D:6      | Found a glowing silver altar of Zin.
  4081 | D:6      | Found a deep blue altar of Sif Muna.
  4125 | D:6      | Found a shattered altar of Ashenzari.
  4126 | D:6      | Found a hide-covered altar of Uskayaw.
  4287 | D:7      | Reached skill level 5 in Fighting
  4287 | D:7      | Gained mutation: You passively map the area around you.
                  | [Deep Dwarf growth]
  4287 | D:7      | Reached XP level 9. HP: 54/81 MP: 5/5
  4923 | D:7      | Found Siroull's Gadget Boutique.
  4972 | D:7      | Found a staircase to the Ecumenical Temple.
  5308 | D:8      | Reached skill level 10 in Axes
  5326 | D:8      | Reached *** piety under Makhleb
  5364 | D:8      | Found a staircase to the Lair.
  5455 | D:8      | Noticed a two-headed ogre
  5464 | D:8      | Killed a two-headed ogre
  5464 | D:8      | Reached XP level 10. HP: 30/91 MP: 6/6
  6028 | Lair:1   | Entered Level 1 of the Lair of Beasts
  6105 | Lair:1   | Reached skill level 1 in Evocations
  6132 | Lair:1   | Reached skill level 11 in Axes
  6229 | Lair:1   | Noticed a spiny frog
  6255 | Lair:1   | Killed a spiny frog
  6272 | Lair:1   | Noticed a spiny frog
  6273 | Lair:1   | Noticed a seven-headed hydra
  6280 | Lair:1   | Killed a spiny frog
  6506 | Lair:1   | Killed a seven-headed hydra
  6574 | Lair:1   | Noticed a spiny frog
  6582 | Lair:1   | Killed a spiny frog
  6940 | Lair:1   | Learned a level 5 spell: Aura of Abjuration
  7189 | Lair:2   | Noticed a black mamba
  7196 | Lair:2   | Killed a black mamba
  7196 | Lair:2   | Reached XP level 11. HP: 100/100 MP: 7/7
  7203 | Lair:2   | Noticed Erica
  7231 | Lair:2   | Killed Erica
  7231 | Lair:2   | Reached skill level 12 in Axes
  7308 | Lair:2   | Reached **** piety under Makhleb
  7470 | Lair:2   | Found a transporter.
  7474 | Lair:2   | Found a transporter.
  7479 | Lair:2   | Noticed a seven-headed hydra
  7491 | Lair:2   | Killed a one-headed hydra
  7676 | Lair:2   | Noticed Terandir's ghost (journeyman MiFi)
  8208 | Lair:3   | Found a staircase to the Swamp.
  8347 | Lair:3   | Found a hole to the Spider Nest.
  8796 | Lair:4   | Reached skill level 13 in Axes
  8949 | Lair:4   | Reached skill level 10 in Armour
  9172 | Lair:4   | Noticed an oklob plant
  9172 | Lair:4   | Noticed an oklob plant
  9172 | Lair:4   | Noticed an oklob plant
  9635 | Lair:5   | Reached XP level 12. HP: 53/112 MP: 7/7
  9708 | Lair:5   | Found a staircase to the Slime Pits.
  9829 | Lair:5   | Reached skill level 14 in Axes
 10030 | Lair:5   | Noticed Nessos
 10308 | Lair:6   | Entered Level 6 of the Lair of Beasts
 10341 | Lair:6   | Noticed a catoblepas
 10355 | Lair:6   | Killed a catoblepas
 10563 | Lair:6   | Reached ***** piety under Makhleb
 10563 | Lair:6   | Reached skill level 10 in Shields
 10712 | Lair:6   | Noticed a six-headed hydra
 10726 | Lair:6   | Killed a one-headed hydra
 10924 | Lair:6   | Reached XP level 13. HP: 99/121 MP: 9/9
 11110 | Lair:6   | Reached skill level 15 in Axes
 11428 | Lair:6   | Reached skill level 10 in Fighting
 11886 | Spider:1 | Entered Level 1 of the Spider Nest
 11946 | Spider:1 | Found a large runed translucent door.
 11947 | Spider:1 | Found a large runed translucent door.
 11949 | Spider:1 | Noticed endersaim's ghost (adept MfSk)
 11955 | Spider:1 | Noticed an emperor scorpion
 12003 | Spider:1 | Killed an emperor scorpion
 12148 | Spider:1 | Reached ****** piety under Makhleb
 12333 | Spider:1 | Reached skill level 1 in Invocations
 12420 | Spider:1 | Noticed an entropy weaver
 12529 | Spider:1 | Reached skill level 16 in Axes
 12537 | Spider:1 | Gained mutation: You resist negative energy. (rN+) [Deep
                  | Dwarf growth]
 12537 | Spider:1 | Reached XP level 14. HP: 122/133 MP: 10/10
 12591 | Spider:1 | Noticed an emperor scorpion
 12626 | Spider:1 | Killed an emperor scorpion
 12809 | Spider:1 | Killed an entropy weaver
 12809 | Spider:1 | Reached skill level 5 in Dodging
 12950 | Spider:1 | Identified Sif Muna's Disquisition on the Glacier and Evil
 13396 | Spider:1 | Noticed an emperor scorpion
 13435 | Spider:1 | HP: 6/133 [emperor scorpion (5)]
 13441 | Spider:1 | Killed an emperor scorpion
 13441 | Spider:1 | Reached skill level 5 in Invocations
 14199 | Spider:2 | Noticed an emperor scorpion
 14235 | Spider:2 | Killed an emperor scorpion
 14515 | Spider:2 | Reached skill level 17 in Axes
 14815 | Spider:2 | Noticed an emperor scorpion
 14856 | Spider:2 | Killed an emperor scorpion
 14856 | Spider:2 | Reached XP level 15. HP: 59/141 MP: 14/14
 14884 | Spider:3 | Noticed Kirke
 14884 | Spider:3 | Noticed Donald
 14901 | Spider:2 | Killed Kirke
 14930 | Spider:3 | Killed Donald
 15106 | Spider:3 | Noticed a ghost moth
 15114 | Spider:3 | Killed a ghost moth
 15415 | Spider:4 | Entered Level 4 of the Spider Nest
 15416 | Spider:4 | Identified Roxanne's Almanac of Stones
 15416 | Spider:4 | Noticed Roxanne
 15505 | Spider:4 | Noticed Agnes
 15543 | Spider:3 | Killed Agnes
 16476 | Spider:4 | Gained mutation: You have a pair of small antennae on your
                  | head. [potion of mutation]
 16476 | Spider:4 | Gained mutation: Your flesh is heat resistant. (rF+)
                  | [potion of mutation]
 16476 | Spider:4 | Gained mutation: Your muscles are strong. (Str +2) [potion
                  | of mutation]
 16503 | Spider:4 | Killed from afar by Roxanne

Skill      XL: |  1  2  3  4  5  6  7  8  9 10 11 12 13 14 15 |
---------------+----------------------------------------------+-----
Shields        | 4 5 6 8 9 10 11 13 | 13.5
Axes           | 3 4 6 7 9 10 11 13 14 16 17 | 17.5
Fighting       | 3 4 5 6 7 8 9 10 11 | 11.6
Dodging        | 1 2 3 4 5 6 |  6.1
Armour         | 4 5 7 9 10 12 13 | 13.0
Evocations     | 1 2 3 |  3.2
Invocations    | 3 7 8 |  8.7
Throwing       | |  0.1
Stealth        | |  0.7

Action                   |  1- 3 |  4- 6 |  7- 9 | 10-12 | 13-15 || total
-------------------------+-------+-------+-------+-------+-------++-------
Melee: War axe           |    72 |   223 |   238 |   184 |       ||   717
       Hand axe          |       |       |   230 |       |       ||   230
       Broad axe         |       |       |       |   562 |  1608 ||  2170
Throw: Throwing net      |       |       |     1 |       |       ||     1
       Javelin           |       |       |       |     1 |       ||     1
 Abil: Heal Wounds       |       |     5 |     8 |    15 |     6 ||    34
Evoke: Wand              |       |       |     5 |    16 |     1 ||    22
  Use: Scroll            |       |     7 |     2 |    18 |     9 ||    36
       Potion            |       |       |       |       |     9 ||     9
  Eat: Chunk             |       |     5 |     3 |    34 |    14 ||    56
       Ration            |       |       |     3 |       |     2 ||     5
Armor: Scale mail        |    36 |    53 |       |       |       ||    89
       Chain mail        |       |    69 |   163 |   394 |  1184 ||  1810
Dodge: Dodged            |    16 |    86 |    97 |   228 |   798 ||  1225
       Deflected         |       |     4 |     8 |       |       ||    12
Block: Shield            |    28 |   131 |   197 |   462 |  1287 ||  2105
